 Dungeon Crawl Stone Soup version 0.24.0-125-gc4c63601f3 (webtiles) character file.

Game seed: 4353269217610481124, levelgen mode: deterministic

49261 Johnny the Brawler (level 14, -13/157 HPs)
             Began as a Troll Berserker on Mar 1, 2020.
             Was a High Priest of Trog.
             Engulfed by a cloud of freezing vapour (16 damage)
             ... in an ice cave.
             The game lasted 00:15:22 (13174 turns).

Johnny the Brawler (Troll Berserker)               Turns: 13174, Time: 00:15:23

Health: -13/157    AC: 11    Str: 36    XL:     14   Next: 15%
Magic:  13/13      EV: 17    Int: 11    God:    Trog [*****.]
Gold:   1129       SH:  0    Dex: 13    Spells: 13/13 levels left

rFire    . . .     SeeInvis .     - Unarmed
rCold    . . .     Gourm    +   (no shield)
rNeg     + . .     Faith    .   k - +4 robe of Augmentation {Str+4 Int+4 Dex+4}
rPois    .         Spirit   .   (helmet restricted)
rElec    +         Reflect  .   J - +0 cloak
rCorr    .         Harm     .   (gloves unavailable)
MR       +....                  (boots unavailable)
Stlth    +.........             M - amulet of the Air {Inacc +Fly rElec EV+5 RMsl}
HPRegen  0.76/turn              p - ring of positive energy
MPRegen  0.13/turn              N - ring of the Neverending Wars {EV+2 Int+4}

@: berserk cooldown, slowed, repel missiles, very slow
A: large, unfitting armour, claws 3, fast metabolism 3, gourmand, regeneration
1, shaggy fur 1, tough skin 3
a: Berserk, Trog's Hand, Brothers in Arms, Renounce Religion, Evoke Flight


You were in an ice cave.
You worshipped Trog.
Trog was extremely pleased with you.
You were completely stuffed.

You visited 2 branches of the dungeon, and saw 16 of its levels.
You also visited: Ice Cave.

You collected 1241 gold pieces.
You spent 112 gold pieces at shops.

Inventory:

Armour
 k - the +4 robe of Augmentation (worn) {Str+4 Int+4 Dex+4}
   (You found it on level 13 of the Dungeon)

   It affects your strength (+4).
   It affects your intelligence (+4).
   It affects your dexterity (+4).
 J - a +0 cloak (worn)
 R - a +0 troll leather armour
Jewellery
 g - an uncursed amulet of faith
 p - a ring of positive energy (left claw)
 s - a +1 ring of protection
 y - a +2 ring of intelligence
 M - the amulet of the Air (around neck) {Inacc +Fly rElec EV+5 RMsl}
   (You found it on level 10 of the Dungeon)

   [amulet of inaccuracy]

   It reduces the accuracy of all your attacks.
   It affects your evasion (+5).
   It insulates you from electricity.
   It lets you fly.
   It protects you from missiles.
 N - the ring of the Neverending Wars (right claw) {EV+2 Int+4}
   (You found it on level 14 of the Dungeon)

   [ring of evasion]

   It affects your evasion (+2).
   It affects your intelligence (+4).
 Q - an uncursed amulet of magic regeneration
 S - an uncursed ring of see invisible
 T - a +2 ring of strength {unknown}
Wands
 x - a wand of disintegration (23)
 A - a wand of flame (55)
 F - a wand of iceblast (17)
 H - a wand of random effects (56)
 I - a wand of enslavement (5)
 P - a wand of paralysis (9)
Scrolls
 d - 7 scrolls of remove curse
 h - 2 scrolls of magic mapping
 i - 2 scrolls of fog
 j - 2 scrolls of enchant weapon
 l - 5 scrolls of enchant armour
 m - a scroll of teleportation
 o - 3 scrolls of amnesia
 v - 2 scrolls of fear
 w - 3 scrolls of blinking
 C - a scroll of immolation {unknown}
 D - 2 scrolls of silence {unknown}
 E - a scroll of summoning {unknown}
 L - a scroll of holy word {unknown}
 O - a scroll of vulnerability {unknown}
Potions
 a - 2 potions of agility {unknown}
 c - 6 potions of haste
 e - 2 potions of cancellation
 f - 2 potions of curing
 q - 5 potions of lignification {unknown}
 r - 7 potions of brilliance
 t - a potion of berserk rage {unknown}
 u - 2 potions of flight {unknown}
 z - a potion of magic {unknown}
 B - a potion of invisibility {unknown}
 G - 6 potions of mutation
 K - a potion of might
Miscellaneous
 n - a box of beasts
Comestibles
 b - 22 rations
 U - 9 chunks of flesh


   Skills:
 + Level 14.5 Fighting
 - Level 2.4 Dodging
 + Level 16.9 Unarmed Combat


You had 13 spell levels left.
You didn't know any spells.
Your spell library contained the following spells:

 Spells                   Type           Power        Failure   Level  Hunger
 Animate Skeleton         Necr           N/A          34%         1    ##.....
 Apportation              Tloc           #.....       34%         1    ##.....
 Corona                   Hex            #......      34%         1    ##.....
 Freeze                   Ice            #...         34%         1    ##.....
 Infusion                 Chrm           #...         34%         1    ##.....
 Pain                     Necr           #...         34%         1    ##.....
 Sting                    Conj/Pois      #...         34%         1    ##.....
 Summon Butterflies       Summ           #.......     34%         1    ##.....
 Summon Small Mammal      Summ           #...         34%         1    ##.....
 Call Imp                 Summ           #.......     47%         2    ###....
 Ensorcelled Hibernation  Hex/Ice        #.....       47%         2    ###....
 Shroud of Golubria       Chrm/Tloc      #.....       47%         2    ###....
 Song of Slaying          Chrm           #.......     47%         2    ###....
 Sublimation of Blood     Necr           #.........   47%         2    ###....
 Swiftness                Chrm/Air       #.......     47%         2    ###....
 Call Canine Familiar     Summ           #.......     71%         3    ####...
 Confuse                  Hex            #.......     71%         3    ####...
 Dazzling Spray           Conj/Hex       #.....       71%         3    ####...
 Ignite Poison            Fire/Tmut/Pois #.......     71%         3    ####...
 Lesser Beckoning         Tloc           #.........   71%         3    ####...
 Portal Projectile        Hex/Tloc       #.....       71%         3    ####...
 Regeneration             Chrm/Necr      #.........   71%         3    ####...
 Spectral Weapon          Hex/Chrm       #.......     71%         3    ####...
 Spider Form              Tmut/Pois      #.........   71%         3    ####...
 Summon Guardian Golem    Hex/Summ       #.......     71%         3    ####...
 Teleport Other           Tloc           #.......     71%         3    ####...
 Tukima's Dance           Hex            #.......     71%         3    ####...
 Vampiric Draining        Necr           #.........   71%         3    ####...
 Airstrike                Air            #.........   98%         4    #####..
 Animate Dead             Necr           N/A          98%         4    #####..
 Force Lance              Conj/Tloc      #.......     98%         4    #####..
 Petrify                  Tmut/Erth      #.......     98%         4    #####..
 Summon Ice Beast         Ice/Summ       #.......     98%         4    #####..
 Summon Lightning Spire   Summ/Air       #.......     98%         4    #####..
 Throw Icicle             Conj/Ice       #.......     98%         4    #####..
 Alistair's Intoxication  Tmut/Pois      #.......     100%        5    ######.
 Bolt of Magma            Conj/Fire/Erth #.........   100%        5    ######.
 Borgnjor's Vile Clutch   Necr/Erth      #.........   100%        5    ######.
 Irradiate                Conj/Tmut      #.........   100%        5    ######.
 Iskenderun's Battlesphe  Conj/Chrm      #.......     100%        5    ######.
 Lee's Rapid Deconstruct  Erth           #.........   100%        5    ######.
 Venom Bolt               Conj/Pois      #.........   100%        5    ######.
 Bolt of Cold             Conj/Ice       #.........   100%        6    #######
 Conjure Ball Lightning   Conj/Air       #.........   100%        6    #######
 Death Channel            Necr           #.........   100%        6    #######
 Freezing Cloud           Conj/Ice/Air   #.........   100%        6    #######
 Invisibility             Hex            #.......     100%        6    #######
 Ozocubu's Refrigeration  Ice            #.........   100%        6    #######
 Simulacrum               Ice/Necr       #.........   100%        6    #######
 Statue Form              Tmut/Erth      #........    100%        6    #######
 Tornado                  Air            #.........   100%        9    #######


Dungeon Overview and Level Annotations

Branches:
Dungeon (15/15)            Temple (0/1) D:6            Lair (0/6) D:8
    Orc (1/2) D:10         Vaults (0/5) D:14         Depths (0/5) D:15
  IceCv (1/1)

Altars:
Ashenzari
Cheibriados
Elyvilon
Gozag
Hepliaklqana
Nemelex Xobeh
Qazlal
Ru
Sif Muna
Trog
Wu Jian
Xom
Yredelemnul
Zin

Shops:
D:7 %   D:8 !   D:12 }

Annotations:
Orc:1 2 transporters, thethe's ghost, journeyman TrWz


Innate Abilities, Weirdness & Mutations

You are too large for most types of armour.
You have claws for hands.
Your metabolism is lightning-fast.
You like to eat raw meat.
Your natural rate of healing is unusually fast.
You are covered in fur. (AC +1)
You have extremely tough skin. (AC +3)


Message History

You are exhausted.
You feel yourself slow down. 2 wolves come into view.
The wolf howls! x2
Items here: ††††† a wolf corpse; a yak corpse; a polar bear corpse; a yak corpse a polar bear corpse Butcher a wolf corpse? [(y)es/(n)o/(a)ll/(q)uit/?]
You butcher the wolf corpse.
You are engulfed in freezing vapours.
You stop butchering the corpses.
* * * LOW HITPOINT WARNING * * *
The wolf is engulfed in freezing vapours.
The wolf completely misses you.
The wolf is engulfed in freezing vapours.
The wolf misses you.
The wolf is engulfed in freezing vapours.
The wolf dies!
You butcher the polar bear corpse.
You are engulfed in freezing vapours.
You stop butchering the corpses.
You die...

#..#......##
###..##.#### ..
##...### # ..#
#..### ##..
##..### ###...
##...## ##....
##.#.### #..h.
##†...####.○###
#...###.###@°○###
##...###.####○○☼#
##...#.####..○##
###...##...###
###....### ######


You could see a wolf.

Vanquished Creatures
  3 deep elf sorcerers (D:13)
  An ironheart preserver (D:14)
  Erolcha (D:10)
  A two-headed ogre (D:12)
  A death knight (D:12)
  3 centaur warriors
  2 vampire magi (D:13)
  2 tengu warriors (D:14)
  A skeletal warrior (D:15)
  An unseen horror (D:14)
  Pikel (D:8)
  4 ugly things
  5 deep elf magi (D:13)
  2 manticores
  2 orc sorcerers
  3 cyclopes
  The ghost of ruphz the Slasher, a novice GnCK of Xom (D:4)
  Maurice (D:8)
  5 naga magi (D:13)
  2 ice devils (Orc:1)
  A komodo dragon (shapeshifter) (D:13)
  The ghost of Leibowitz the Covered, an amateur MiFi (D:4)
  The ghost of Thomus the Destroyer, a novice DECj of Vehumet (D:4)
  9 polar bears (IceCv)
  5 trolls
  A hornet (D:10)
  A meliai zombie (D:14)
  5 slime creatures (D:13)
  Prince Ribbit (D:8)
  A hornet (shapeshifter) (D:14)
  A deep troll zombie (D:15)
  2 hippogriffs
  A shadow (D:14)
  38 yaks
  The ghost of ChadusMaximus the Chopper, an amateur MiBe of Trog (D:4)
  2 wraiths (D:14)
  4 humans (D:7)
  5 wyverns
  A steam dragon (D:10)
  6 vampire mosquitoes (D:13)
  A hungry ghost (D:12)
  3 wargs (Orc:1)
  An acid dragon (D:11)
  2 porcupines (D:8)
  A black bear (D:8)
  7 ice beasts
  4 sky beasts
  5 orc warriors
  2 slaves (D:8)
  10 wolves (IceCv)
  3 eyes of draining
  12 ogres
  5 phantoms
  17 centaurs
  4 crocodiles
  6 bullfrogs
  3 wyvern zombies
  A water moccasin zombie (D:5)
  9 scorpions
  3 killer bees (D:7)
  10 wights
  9 crimson imps
  5 howler monkeys
  2 centaur zombies (D:10)
  4 quasits (D:11)
  8 hounds
  2 bullfrog skeletons
  3 jellies
  5 orc priests
  11 orc wizards
  2 gnoll shamans (D:4)
  7 centaur skeletons
  7 iguanas
  6 worker ants
  A hound zombie (D:8)
  2 hound skeletons
  2 worker ant zombies
  42 gnolls
  8 adders
  9 shadow imps
  2 oozes
  An adder zombie (D:7)
  3 adder skeletons
  3 worms
  A dart slug (D:4)
  7 leopard geckos
  37 orcs
  4 ball pythons
  11 giant cockroaches
  8 goblins
  5 hobgoblins
  17 jackals
  4 kobolds
  7 quokkas
  5 bats
  6 frilled lizards
  A quokka skeleton (D:7)
  A quokka zombie (D:6)
  10 rats
  4 fungi (D:8)
  2 plants (D:8)
  A toadstool (D:1)
513 creatures vanquished.

Vanquished Creatures (collateral kills)
  Roxanne (D:14)
  2 tengu warriors (D:15)
  A phantasmal warrior (D:15)
  A necromancer (D:15)
  A naga mage (D:13)
  A centaur skeleton (D:15)
  A fire dragon zombie (D:15)
  A hungry ghost (D:14)
  A porcupine (D:8)
  An orc warrior (D:15)
  4 centaurs (D:15)
  2 scorpions (D:8)
  2 orc wizards
  2 shadow imps
  3 orcs (D:15)
24 creatures vanquished.

Vanquished Creatures (others)
  2 slaves (D:8)
  An ice beast (D:9)
  A wolf (IceCv)
  A shadow imp (D:8)
  2 fungi (D:8)
  3 toadstools (D:1)
  A withered plant (D:15)
11 creatures vanquished.

Grand Total: 548 creatures vanquished

Notes
Turn   | Place    | Note
-------+----------+-------------------------------------------
     0 | D:1      | Johnny the Troll Berserker began the quest for the Orb.
     0 | D:1      | Reached XP level 1. HP: 22/22 MP: 0/0
   165 | D:1      | Reached XP level 2. HP: 29/29 MP: 1/1
   340 | D:1      | Reached XP level 3. HP: 25/37 MP: 2/2
   592 | D:2      | Found a basalt altar of Yredelemnul.
   632 | D:2      | Reached ** piety under Trog
   913 | D:2      | Reached skill level 4 in Unarmed Combat
   949 | D:2      | Reached XP level 4. HP: 45/45 MP: 3/3
  1244 | D:2      | Found a shimmering blue altar of Sif Muna.
  1457 | D:3      | Reached *** piety under Trog
  1607 | D:3      | Found a white marble altar of Elyvilon.
  1611 | D:3      | Reached XP level 5. HP: 54/54 MP: 4/4
  1921 | D:4      | You fall into a shaft and drop 1 floor!
  1921 | D:5      | Entered Level 5 of the Dungeon
  1977 | D:5      | Reached skill level 5 in Unarmed Combat
  2056 | D:5      | Reached XP level 6. HP: 40/62 MP: 5/5
  2061 | D:5      | Found a bloodstained altar of Trog.
  2149 | D:5      | Found an opulent altar of Gozag.
  2347 | D:5      | Reached skill level 5 in Fighting
  2347 | D:5      | Reached skill level 6 in Unarmed Combat
  2360 | D:5      | Reached XP level 7. HP: 72/72 MP: 6/6
  2779 | D:4      | Reached **** piety under Trog
  2916 | D:4      | Reached skill level 7 in Unarmed Combat
  2939 | D:4      | Found an ornate altar of the Wu Jian Council.
  2940 | D:4      | Found a stormy altar of Qazlal.
  3039 | D:4      | Reached XP level 8. HP: 83/83 MP: 7/7
  3309 | D:4      | Found a sparkling altar of Nemelex Xobeh.
  3376 | D:4      | Found a runed translucent gate.
  3376 | D:4      | Found a runed translucent gate.
  3376 | D:4      | Found a runed translucent gate.
  3376 | D:4      | Noticed ruphz's ghost (novice GnCK)
  3377 | D:4      | Noticed Leibowitz's ghost (amateur MiFi)
  3377 | D:4      | Noticed Thomus's ghost (novice DECj)
  3377 | D:4      | Noticed ChadusMaximus's ghost (amateur MiBe)
  3784 | D:4      | Reached skill level 8 in Unarmed Combat
  4211 | D:4      | Killed Thomus's ghost
  4216 | D:4      | Killed ruphz's ghost
  4216 | D:4      | Reached skill level 9 in Unarmed Combat
  4216 | D:4      | Reached XP level 9. HP: 93/93 MP: 8/8
  4220 | D:4      | Killed ChadusMaximus's ghost
  4224 | D:4      | Killed Leibowitz's ghost
  4599 | D:6      | Reached ***** piety under Trog
  4732 | D:6      | Reached skill level 10 in Unarmed Combat
  4777 | D:6      | Found Xir Fot's Assorted Antiques.
  4937 | D:6      | Received a gift from Trog
  5157 | D:6      | Found a staircase to the Ecumenical Temple.
  5403 | D:7      | Noticed a troll
  5407 | D:7      | Reached XP level 10. HP: 107/107 MP: 9/9
  5528 | D:7      | Found Zusih's Food Shoppe.
  5706 | D:7      | Received a gift from Trog
  5706 | D:7      | Reached skill level 11 in Unarmed Combat
  5837 | D:7      | Found a shimmering altar of Xom.
  6062 | D:7      | Found a hazy altar of Hepliaklqana.
  6111 | D:8      | Noticed Pikel
  6121 | D:8      | Killed Pikel
  6240 | D:8      | Reached skill level 10 in Fighting
  6242 | D:8      | Found a staircase to the Lair.
  6264 | D:8      | Noticed Maurice
  6331 | D:8      | Found Aqeusch's Distillery.
  6342 | D:8      | Bought a potion of mutation for 112 gold pieces
  6428 | D:8      | Found a sacrificial altar of Ru.
  6471 | D:8      | Noticed a purple ugly thing
  6472 | D:8      | Noticed Prince Ribbit
  6480 | D:8      | Killed a purple ugly thing
  6480 | D:8      | Reached skill level 12 in Unarmed Combat
  6493 | D:8      | Killed Prince Ribbit
  6606 | D:8      | Killed Maurice
  6829 | D:9      | Found a shattered altar of Ashenzari.
  6863 | D:9      | Reached XP level 11. HP: 59/119 MP: 8/10
  7043 | D:9      | Found a snail-covered altar of Cheibriados.
  7489 | D:9      | Found a glowing silver altar of Zin.
  7490 | D:9      | Noticed an angel
  7574 | D:10     | Entered Level 10 of the Dungeon
  7631 | D:10     | Found the amulet of the Air {Inacc +Fly rElec EV+5 RMsl}
  8041 | D:10     | Received a gift from Trog
  8122 | D:10     | Noticed Erolcha
  8132 | D:10     | Killed Erolcha
  8132 | D:10     | Reached skill level 13 in Unarmed Combat
  8224 | D:10     | Found a staircase to the Orcish Mines.
  9139 | D:11     | Noticed a brown ugly thing
  9152 | D:11     | Killed a brown ugly thing
  9152 | D:11     | Reached XP level 12. HP: 126/132 MP: 11/11
  9281 | D:11     | Found a sparkling altar of Nemelex Xobeh.
  9469 | D:12     | Noticed a death knight
  9478 | D:12     | Killed a death knight
  9478 | D:12     | Reached skill level 14 in Unarmed Combat
  9580 | D:12     | Found Ohudilut's Gadget Emporium.
  9598 | D:12     | Noticed a two-headed ogre
  9609 | D:12     | Killed a two-headed ogre
  9623 | D:12     | You fall into a shaft and drop 3 floors!
  9623 | D:15     | Entered Level 15 of the Dungeon
  9623 | D:15     | Noticed a tengu warrior
  9624 | D:15     | Noticed a tengu warrior
  9633 | D:15     | Killed a tengu warrior
  9634 | D:15     | Killed a tengu warrior
  9826 | D:15     | Found a staircase to the Depths.
  9921 | D:14     | Identified Roxanne's Grimoire of the Alphagorgon
  9921 | D:14     | Noticed Roxanne
  9936 | D:14     | Noticed a centaur warrior
  9958 | D:14     | Killed a centaur warrior
 10164 | D:14     | Noticed an ironheart preserver
 10171 | D:14     | Noticed a centaur warrior
 10183 | D:14     | Noticed a tengu warrior
 10185 | D:14     | Noticed a tengu warrior
 10195 | D:14     | Reached skill level 15 in Unarmed Combat
 10201 | D:14     | Killed a centaur warrior
 10210 | D:14     | Killed a tengu warrior
 10214 | D:14     | Killed an ironheart preserver
 10224 | D:14     | Killed a tengu warrior
 10224 | D:14     | Reached XP level 13. HP: 89/144 MP: 12/12
 10227 | D:14     | Received a gift from Trog
 10407 | D:14     | Found a gate to the Vaults.
 10693 | D:14     | Got a clouded bronze ring
 10695 | D:14     | Identified the ring of the Neverending Wars {EV+2 Int+4}
                  | (You found it on level 14 of the Dungeon)
 10881 | D:14     | Killed Roxanne
 11417 | D:13     | Identified Puots's Incunabulum of Lethal Snow
 11639 | D:13     | Reached skill level 16 in Unarmed Combat
 11944 | D:13     | Identified the Tome of Spatial Weightlessness
 11957 | D:13     | Found a shimmering blue altar of Sif Muna.
 11959 | D:13     | Noticed a deep elf sorcerer
 11967 | D:13     | Killed a deep elf sorcerer
 11988 | D:13     | Noticed a deep elf sorcerer
 11993 | D:13     | Killed a deep elf sorcerer
 12009 | D:13     | HP: 5/146 [naga mage/+0 halberd (12)]
 12018 | D:13     | Noticed a deep elf sorcerer
 12125 | D:13     | Killed a deep elf sorcerer
 12176 | D:13     | Identified Guat's Tome of the Mountains and Toxins
 12231 | D:13     | Found the +4 robe of Augmentation {Str+4 Int+4 Dex+4}
 12264 | D:13     | Identified the Guide on Ice
 12266 | D:13     | Identified the Collected Works on Enchanting Air
 12287 | D:13     | Identified Seceneiwk's Grimoire of Vitriolic Enhancements
 12620 | Orc:1    | Entered Level 1 of the Orcish Mines
 12788 | Orc:1    | Found a transporter.
 12835 | Orc:1    | Noticed thethe's ghost (journeyman TrWz)
 12897 | Orc:1    | Found a transporter.
 12954 | Orc:1    | Found a frozen archway.
 12966 | IceCv    | Entered an ice cave
 12985 | IceCv    | Reached XP level 14. HP: 148/157 MP: 13/13
 13173 | IceCv    | HP: 2/157 [something (18)]
 13174 | IceCv    | Engulfed by a cloud of freezing vapour

Levels and vault maps discovered:
D:1:      ldierk_water_garden, layout_basic
D:2:      minmay_razor_zed, layout_basic, overflow_temple_1_default,
          lemuel_coloured_pillars_altar
D:3:      layout_loops_ring, lemuel_round_altar, first_ration
D:4:      lemuel_castle_with_subvaults [lemuel_castle_interior_carwin_1],
          layout_basic, lemuel_doored_altar, grunt_temple_overflow_open,
          gammafunk_ghost_cemetery
D:5:      cheibrodos_barr_body, layout_cave_pools, overflow_temple_1_default,
          nicolae_overflow_hidden_temple, kennysheep_minor_cross
D:6:      layout_loops_corners, temple_statues, serial_shops, nicolae_shop_trees
D:7:      layout_rooms, marbit_many_paths, serial_shops,
          nicolae_shop_waterfront, basic_altar, minmay_ruffians
D:8:      layout_rooms, nicolae_ru_sacrificial_ziggurat,
          due_lair_maze_entry_diamond, serial_shops, shop, uniq_pikel,
          uniq_maurice, uniq_prince_ribbit1
D:9:      layout_irregular_city, zin_angel, nicolae_overflow_crystal_walls,
          evilmike_ruin_ashenzari, grunt_ogre_cave, kennysheep_generic_room_5
D:10:     layout_loops_ring, orc_0_dummy, uniq_erolcha
D:11:     layout_irregular_city, nemelex_xobeh_ov_fountains_minmay
D:12:     layout_rooms, serial_shops, shop
D:13:     evilmike_library_of_no_secrets, layout_gridville
D:14:     layout_rooms, skrybe_vaults_entry_preservation,
          infiniplex_staircase_zigzag_3, uniq_roxanne
D:15:     gammafunk_depths_entry_grave, layout_irregular_city,
          minmay_misc_feat_pillars
Orc:1:    layout_diamond_mine, portal_ice_cave_demonic_guard,
          gammafunk_ghost_berserking_beasts, bloody_trog
IceCv:    ice_cave_caverns_03

Skill      XL: |  1  2  3  4  5  6  7  8  9 10 11 12 13 |
---------------+----------------------------------------+-----
Fighting       | 3 4 5 6 7 9 10 11 13 14 | 14.5
Unarmed Combat | 4 5 6 7 9 10 12 13 15 16 | 16.9
Dodging        | |  2.4

Action                   |  1- 3 |  4- 6 |  7- 9 | 10-12 | 13-15 || total
-------------------------+-------+-------+-------+-------+-------++-------
Melee: Unarmed           |    91 |   169 |   346 |   641 |   364 ||  1611
       Punch             |     2 |     3 |    13 |    43 |    36 ||    97
Invok: Berserk           |       |     1 |     5 |     7 |     6 ||    19
       Trog's Hand       |       |       |     1 |     4 |     3 ||     8
       Brothers in Arms  |       |       |       |     9 |     3 ||    12
Evoke: Wand              |       |       |       |    10 |     1 ||    11
  Use: Scroll            |       |       |     2 |     6 |     9 ||    17
       Potion            |       |       |       |     1 |     5 ||     6
 Stab: Paralysed         |       |       |       |     1 |       ||     1
  Eat: Chunk             |    14 |     7 |    40 |    59 |    40 ||   160
Armor: Animal skin       |    24 |    50 |    92 |    60 |       ||   226
       Troll leather arm |       |       |       |    98 |    41 ||   139
       Steam dragon scal |       |       |       |    37 |       ||    37
       Robe              |       |       |       |       |    37 ||    37
Dodge: Dodged            |    53 |    67 |   163 |   447 |   268 ||   998
       Deflected         |       |       |       |    10 |    14 ||    24
